 Dungeon Crawl Stone Soup version 0.32-a0-361-g289a535e89 (webtiles) character file.

Game seed: 4147973278044918649

3675 Sobieck the Fighter (level 10, -6/83 HPs)
             Began as a Coglin Gladiator on Feb 18, 2024.
             Was a High Priest of Cheibriados.
             Mangled by an orc warlord
             ... wielding a +8 broad axe
              (21 damage)
             ... in a bailey.
             The game lasted 00:12:01 (6107 turns).

Sobieck the Fighter (Coglin Gladiator)              Turns: 6107, Time: 00:12:01

Health: -6/83      AC:  7    Str: 26    XL:     10   Next: 13%
Magic:  7/12       EV: 21    Int: 18    God:    Cheibriados [*****.]
Gold:   207        SH:  0    Dex: 37    Spells: 9/9 levels left

rFire   . . .        a - +0 long sword {Teghnoor}
rCold   . . .        C - +3 scimitar {Yawen}
rNeg    + . .        d - +1 leather armour of the Desolation of Salt {rElec}
rPois   .            c - +0 helmet
rElec   +            s - +1 cloak
rCorr   .            (no gloves)
SInv    .            (no boots)
Will    .....        (no amulet)
Stlth   +++          o - +6 ring of dexterity
HPRegen 0.33/turn    n - ring of positive energy
MPRegen 0.13/turn

%: no passive effects
@: brilliant, revving, stiff-legged, very slow
A: off-hand wielding, slow wielding, warmup strikes, warmup strides
a: Renounce Religion, Bend Time, Temporal Distortion, Slouch, Step From Time


You were in a bailey.
You worshipped Cheibriados.
Cheibriados was extremely pleased with you.
You visited 1 branch of the dungeon, and saw 8 of its levels.
You also visited: Bailey.

You collected 368 gold pieces.
You spent 161 gold pieces at shops.

Inventory:

Hand Weapons
 a - a +0 long sword (weapon) {Teghnoor}
 h - a +2 spear of venom {Fumito}
 i - a +1 short sword of venom {Esteban}
 C - a +3 scimitar (worn) {Yawen}
Missiles
 j - 40 stones (quivered)
 k - 5 poisoned darts
 t - 8 boomerangs
 v - a javelin
 J - 5 atropa-tipped darts
 K - 3 darts of dispersal
 Z - 3 throwing nets
Armour
 b - a +0 leather armour
 c - a +0 helmet (worn)
 d - the +1 leather armour of the Desolation of Salt (worn) {rElec}
   (You bought it in a shop on level 1 of the Dungeon)

   rElec:     It insulates you from electricity.
 s - a +1 cloak (worn)
 A - a +2 robe of positive energy
Magical Staves
 F - a staff of air
Jewellery
 n - a ring of positive energy (right grasper)
 o - a +6 ring of dexterity (left grasper)
 r - a ring of fire
 G - an amulet of guardian spirit
Scrolls
 f - 2 scrolls of blinking
 l - a scroll of identify {unknown}
 x - a scroll of enchant weapon {unknown}
 y - a scroll of immolation {unknown}
 z - a scroll of fog {unknown}
 E - a scroll of acquirement {unknown}
 H - a scroll of noise {unknown}
 T - 6 scrolls of teleportation
Potions
 e - a potion of cancellation
 g - a potion of brilliance
 m - 4 potions of enlightenment
 p - a potion of might {unknown}
 u - a potion of degeneration {unknown}
 w - a potion of attraction {unknown}
 D - a potion of haste {unknown}
 Q - 2 potions of curing


   Skills:
 + Level 9.1 Fighting
 - Level 8.0 Long Blades
 - Level 3.0 Throwing
 - Level 7.0 Dodging
 - Level 3.0 Invocations


You had 9 spell levels left.
You didn't know any spells.
Your spell library contained the following spells:

 Spells                   Type           Power      Damage    Failure   Level
 Necrotise                Necr           0%         1d4       26%         1
 Cigotuvi's Dreadful Rot  Necr/Alch/Air  0%         N/A       36%         2
 Dazzling Flash           Conj/Hex       0%         N/A       58%         3
 Mephitic Cloud           Conj/Alch/Air  0%         N/A       58%         3
 Vampiric Draining        Necr           0%         2d6       58%         3
 Cause Fear               Hex            0%         N/A       94%         4
 Ignite Poison            Fire/Alch      0%         N/A       94%         4
 Martyr's Knell           Necr/Summ      0%         N/A       94%         4
 Curse of Agony           Necr           0%         N/A       100%        5
 Fireball                 Conj/Fire      0%         3d3       100%        5
 Freezing Cloud           Conj/Ice/Air   0%         6-21      100%        5
 Silence                  Hex/Air        0%         N/A       100%        5
 Dragon's Call            Summ           0%         N/A       100%        9


Dungeon Overview and Level Annotations

Branches:
Dungeon (8/15)             Temple (0/1) D:7          Bailey (1/1)
   Lair: D:8-11

Altars:
Cheibriados
Elyvilon
Fedhas
Makhleb
Trog

Shops:
D:1 *(   D:4 *

Annotations:
D:7 Jeremiah


Innate Abilities, Weirdness & Mutations

You can wield a second weapon in your off-hand.
It takes a long time for you to wield or remove held weapons.
Your first few attacks do less damage.
Your first movements take longer.


Message History

The orc warlord hits you with a +8 broad axe!
* * * LOW HITPOINT WARNING * * *
Unknown command.
You closely miss the orc warlord with your +3 scimitar.
The orc warlord is moderately wounded.
You hit the orc warlord but do no damage.
The orc warlord hits you with a +8 broad axe!
* * * LOW HITPOINT WARNING * * *
Unknown command.
You feel much better. The orc warlord misses you.
The flow of time bends around you.
The orc warlord resists with some effort.
The orc warlord completely misses you.
Unknown command.
The flow of time bends around you.
The orc warlord resists with some effort.
The orc warlord hits you with a +8 broad axe!
* * * LOW HITPOINT WARNING * * *
Unknown command.
You slash the orc warlord with your +3 scimitar!
The orc warlord is heavily wounded.
You hit the orc warlord with your +0 long sword.
The orc warlord hits you with a +8 broad axe!!
* * * LOW HITPOINT WARNING * * *
Unknown command.
Unknown command.
You feel much better. The goblin barely misses you.
The orc warlord hits you with a +8 broad axe!
* * * LOW HITPOINT WARNING * * *
You feel much better. The goblin closely misses you.
The orc warlord hits you with a +8 broad axe!
* * * LOW HITPOINT WARNING * * *
It was a potion of brilliance.
You feel clever all of a sudden. The goblin closely misses you.
The orc warlord hits you with a +8 broad axe.
* * * LOW HITPOINT WARNING * * *
You slice the orc warlord with your +0 long sword!!
The orc warlord is severely wounded.
You slash the orc warlord with your +3 scimitar!
The goblin hits you but does no damage.
The orc warlord hits you with a +8 broad axe!!
* * * LOW HITPOINT WARNING * * *
You hit the orc warlord with your +0 long sword.
The orc warlord is severely wounded.
You slice the orc warlord with your +3 scimitar!!
The goblin completely misses you.
The orc warlord hits you with a +8 broad axe!!
You die...
Cheibriados appreciates the motionlessness of death.

###.....### ###...
##.........###.....
#...........#......
#...........)).....
#.....⌠.....#.....⌠
#...........#......
#...........#......
##)))......###.....
#@#.....### ###...
#...go###.### ###.
#?.....g. ### ##
!?........ #
!.........ß #
∩....⌠.....' #
?.........ß#. #
!!........ß##. # ##
##


You could see an orc warlord, a hobgoblin and a goblin.

Vanquished Creatures
  A shadow (D:8)
  Duvessa (D:7)
  2 ice beasts
  11 orc warriors
  A sky beast (D:6)
  An ogre (D:5)
  2 centaurs (D:8)
  2 phantoms (D:5)
  4 scorpions
  4 wights (D:6)
  Dowan (D:7)
  A howler monkey (D:7)
  4 bombardier beetles
  5 orc priests
  5 hounds
  A jelly (D:4)
  A gnoll bouda (D:7)
  A sleepcap (D:6)
  Jessica (D:2)
  4 iguanas
  Natasha (thrice) (D:3)
  2 orc wizards
  10 gnolls
  5 adders
  A white imp (D:6)
  2 ufetubi (D:7)
  3 dart slugs
  2 ribbon worms (D:2)
  22 orcs
  4 endoplasms
  6 giant cockroaches
  13 hobgoblins
  8 jackals
  A quokka (D:2)
  8 ball pythons
  4 bats
  2 frilled lizards (D:1)
  18 goblins
  3 kobolds
  6 rats
176 creatures vanquished.

Notes
Turn   | Place    | Note
-------+----------+-------------------------------------------
     0 | D:1      | Sobieck the Coglin Gladiator began the quest for the Orb.
     0 | D:1      | Reached XP level 1. HP: 16/16 MP: 1/1
    64 | D:1      | Reached XP level 2. HP: 20/22 MP: 2/2
    80 | D:1      | Found Wym Duth's Assorted Antiques.
   115 | D:1      | Reached XP level 3. HP: 25/27 MP: 3/3
   170 | D:1      | Reached skill level 3 in Dodging
   508 | D:1      | Found Gatwixt's Antique Weapon Shoppe.
   904 | D:2      | Reached XP level 4. HP: 34/34 MP: 4/4
  1148 | D:2      | Noticed Jessica
  1151 | D:2      | Killed Jessica
  1521 | D:2      | Reached XP level 5. HP: 40/40 MP: 5/5
  1676 | D:3      | Found a faded altar of an unknown god.
  1705 | D:3      | Prayed at the altar of an unknown god.
  1705 | D:3      | Became a worshipper of Cheibriados the Contemplative
  1705 | D:3      | Reached * piety under Cheibriados
  1720 | D:3      | Found a faded altar of an unknown god.
  1724 | D:3      | Found a burning altar of Makhleb.
  1864 | D:3      | Reached skill level 3 in Fighting
  1940 | D:3      | Found a snail-covered altar of Cheibriados.
  1941 | D:3      | Noticed Natasha
  1946 | D:3      | Killed Natasha
  1947 | D:3      | Reached XP level 6. HP: 47/47 MP: 6/6
  1998 | D:3      | Noticed Natasha
  2006 | D:3      | Killed Natasha
  2007 | D:3      | Reached skill level 3 in Throwing
  2221 | D:3      | Noticed Natasha
  2228 | D:3      | Killed Natasha
  2544 | D:1      | Bought a heavily runed leather armour for 161 gold pieces
  2544 | D:1      | Identified the +1 leather armour of the Desolation of Salt
                  | {rElec} (You bought it in a shop on level 1 of the Dungeon)
  2623 | D:4      | You fall into a shaft and drop 3 floors!
  2625 | D:7      | Found a staircase to the Ecumenical Temple.
  2682 | D:7      | Noticed an orc warrior
  2692 | D:7      | Killed an orc warrior
  2693 | D:7      | Reached XP level 7. HP: 45/53 MP: 7/7
  2693 | D:7      | Reached ** piety under Cheibriados
  2694 | D:7      | Noticed Duvessa
  2704 | D:7      | Killed Duvessa
  2705 | D:7      | Reached skill level 4 in Fighting
  2705 | D:7      | Noticed Dowan
  2708 | D:7      | Killed Dowan
  2709 | D:7      | Reached skill level 6 in Long Blades
  2955 | D:5      | Entered Level 5 of the Dungeon
  3010 | D:4      | Reached XP level 8. HP: 58/61 MP: 8/8
  3034 | D:4      | Found Muajov's General Store.
  3169 | D:4      | Found a blossoming altar of Fedhas.
  3496 | D:5      | Found a white marble altar of Elyvilon.
  3538 | D:5      | Reached *** piety under Cheibriados
  3603 | D:5      | Found a bloodstained altar of Trog.
  3634 | D:5      | Reached skill level 5 in Fighting
  4151 | D:6      | Reached XP level 9. HP: 51/69 MP: 9/9
  4266 | D:6      | Reached skill level 6 in Fighting
  4266 | D:6      | Reached skill level 1 in Invocations
  4742 | D:6      | Reached skill level 6 in Dodging
  5456 | D:7      | Noticed Jeremiah
  5522 | D:8      | Reached **** piety under Cheibriados
  5533 | D:8      | Reached skill level 3 in Invocations
  5671 | D:8      | Reached skill level 7 in Fighting
  5686 | D:8      | Found a flagged portal.
  5696 | Bailey   | Entered a bailey
  5850 | Bailey   | Reached skill level 8 in Fighting
  5943 | Bailey   | Reached XP level 10. HP: 80/80 MP: 12/12
  5951 | Bailey   | Reached ***** piety under Cheibriados
  6013 | Bailey   | Noticed an orc knight
  6023 | Bailey   | Reached skill level 9 in Fighting
  6092 | Bailey   | Noticed an orc warlord
  6107 | Bailey   | Mangled by an orc warlord

Illustrated notes

Levels and vault maps discovered:
D:1:      dpeg_arrival_round_c, layout_basic, serial_shops,
          nicolae_shop_real_fake_doors, shop_statue, minmay_statues_item
D:2:      layout_basic, uniq_jessica
D:3:      layout_basic, nicolae_overflow_ecumenical_swirl,
          mainiacjoe_overflow_boulevard, ebering_ecumenical_altar_mist,
          uniq_natasha
D:4:      layout_rooms, fedhas_altar_3, serial_shops, shop
D:5:      layout_loops_ring, lemuel_tele_altar, amcnicky_altar_gilded,
          nicolae_elevator_lobby_plus
D:6:      layout_gridville, serial_park_tiny_2
D:7:      layout_basic, minmay_temple_entry_wispy, uniq_duvessa, uniq_jeremiah
D:8:      layout_basic, hellmonk_sif_muna_bookshelves, enter_bailey_6,
          interstate_on_off, grunt_ministairs_5, minmay_diced_spiral
Bailey:   bailey_axe_minmay_hex_keep, bailey

Skill      XL: |  1  2  3  4  5  6  7  8  9 10 |
---------------+-------------------------------+-----
Throwing       | 2 3 |  3.0
Dodging        | 3 4 5 7 |  7.0
Long Blades    | 4 5 6 8 |  8.0
Fighting       | 3 4 5 8 9 |  9.1
Invocations    | 3 |  3.0

Action                     |  1- 3 |  4- 6 |  7- 9 | 10-12 || total
---------------------------+-------+-------+-------+-------++-------
  Melee: Long sword        |    60 |    56 |   186 |    23 ||   325
         Spear             |    11 |    57 |    14 |       ||    82
         Short sword       |       |       |    83 |       ||    83
         Scimitar          |       |       |    81 |    23 ||   104
  Throw: Stone             |       |       |    14 |       ||    14
 Invoke: Bend Time         |       |       |       |     2 ||     2
    Use: Scroll            |       |     6 |       |       ||     6
         Potion            |       |       |       |     8 ||     8
   Stab: Sleeping          |     2 |     1 |     6 |       ||     9
 Armour: Leather armour    |    44 |    30 |    80 |    18 ||   172
  Dodge: Dodged            |    45 |    54 |   165 |    16 ||   280

Table legend: (Time is in decaauts)
 A = Elapsed time spent in this place.
 B = Non-inter-level travel time spent in this place.
 C = Inter-level travel time spent in this place.
 D = Time resting spent in this place.
 E = Time spent auto-exploring this place.
 F = Levels seen in this place.
 G = Mean time per level.
                   A        B        C        D        E       F      G
               +--------+--------+--------+--------+--------+-----+--------+
         Total |   8126 |   7752 |    374 |    599 |   5501 |   9 |  902.9 |
       Dungeon |   7615 |   7241 |    374 |    386 |   5501 |   8 |  951.9 |
        Bailey |    511 |    511 |      0 |    212 |      0 |   1 |  511.0 |
               +--------+--------+--------+--------+--------+-----+--------+

Top non-repeatable levels by time:
     D:7: 1304 daAuts
     D:6: 1247 daAuts
     D:5: 1209 daAuts
     D:3: 1041 daAuts
     D:1: 926 daAuts
     D:2: 893 daAuts
     D:4: 677 daAuts
  Bailey: 511 daAuts
     D:8: 313 daAuts
